 Dungeon Sprint DCSS version 0.30-a0-879-ga8ba668304 (webtiles) character file.

Game seed: 15502000257619968734

92 boopmooplesden the Covered (level 4, -2/45 HPs)
             Began as a Minotaur Fighter on Mar 13, 2023.
             Killed from afar by a ynoxinul (37 damage)
             ... with an iron shot
             ... summoned by a kobold demonologist
             ... in the Dungeon (Sprint III: "The Ten Rune Challenge").
             The game lasted 00:00:54 (300 turns).

boopmooplesden the Covered (Minotaur Fighter)        Turns: 300, Time: 00:00:55

Health: -2/45      AC:  7    Str: 21    XL:     4   Next: 35%
Magic:  3/3        EV:  9    Int:  5    God:
Gold:   24         SH:  5    Dex: 11    Spells: 3/3 levels left

rFire   . . .      SeeInvis .    a - +0 long sword
rCold   . . .      Faith    .    c - +0 buckler
rNeg    . . .      Spirit   .    b - +0 scale mail
rPois   .          Reflect  .    (helmet restricted)
rElec   .          Rampage  .    (no cloak)
rCorr   .          NoTele   +    (no gloves)
Will    .....                    (no boots) Stlth
                                 (no amulet)
HPRegen 0.27/turn                (no ring)
MPRegen 0.08/turn                (no ring)

@: mighty
A: horns 2, retaliatory headbutt, mutation resistance 1
a: no special abilities


You were in the Dungeon.
You visited 1 branch You collected 24 gold pieces.

Inventory:

Hand Weapons
 a - a +0 long sword (weapon)
Armour
 b - a +0 scale mail (worn)
 c - a +0 buckler (worn)
Scrolls
 j - a scroll of blinking
 k - a scroll of immolation {unknown}
 l - 4 scrolls of identify
 n - a scroll of torment {unknown}
Potions
 e - 2 potions of curing
 f - 2 potions of mutation
 g - 2 potions of haste
 h - 2 potions of magic
 m - a potion of lignification {unknown}
 o - a potion of flight {unknown}


   Skills:
 + Level 6.5 Fighting
 + Level 5.1 Long Blades
 + Level 6.6 Armour
 + Level 1.1 Dodging
 + Level 6.0 Shields


You had 3 spell levels left.
You didn't know any spells.
Your spell library was empty.

Dungeon Overview and Level Annotations

Branches:
Dungeon (1/1)

Altars:
Kikubaaqudgha
Sif Muna
Vehumet


Innate Abilities, Weirdness & Mutations

You have a pair of horns on your head.
You reflexively headbutt those who attack you in melee.
You are somewhat resistant to further mutation.


Message History

There is a fountain of clear blue water here.
You feel very mighty all of a sudden. As you open the door, it creaks loudly!
You hear a shout! x2
A wizard comes into view. It is wielding a +0 dagger.
Found a radiant altar of Vehumet.
A kobold demonologist comes into view. It is wielding a +3 dagger.
Found Maxwell's Memoranda.
Found two altars.
The kobold demonologist shouts!
The kobold demonologist casts a spell.
You block the wizard's attack.
There is an open door here.
You closely miss the wizard.
The kobold demonologist casts a spell.
The wizard hits you with a +0 dagger. The ynoxinul hits you.
You closely miss the wizard. You block the wizard's attack.
You block the ynoxinul's attack.
You hit the soul eater.
The soul eater is lightly wounded.
The ynoxinul gestures.
You slash the ynoxinul! Your headbutt misses the ynoxinul.
The ynoxinul is moderately wounded.
The ynoxinul hits you but does no damage.
The ufetubus misses you. The ufetubus barely misses you.
You block the soul eater's attack.
The kobold demonologist looks satisfied for a moment.
You closely miss the ynoxinul. Your headbutt misses the ynoxinul.
The ynoxinul is moderately wounded.
The ufetubus closely misses you. The ufetubus barely misses you.
The ynoxinul hits you.
The soul eater draws from the surrounding life force!
The soul eater is healed.
The ufetubus barely misses you.
The ufetubus hits you but does no damage.
You barely miss the ynoxinul.
The ynoxinul is moderately wounded.
The ufetubus hits you but does no damage.
The ufetubus barely misses you. The ynoxinul gestures at you.
The iron shot hits you!!!
Ouch! That really hurt!
You die...

.#......#####..#
##....†..#..#..#
.##.##...#..#..###+#+###+##
.##.###..##'#..#..........#
####.##..###...'.⌠........#
##..##.†####...#...######+#
....##..###....#.⌠.#
#..##...##.....#5..#
..##....#......#@###
.###..##.#.....#33K# .# #..
####....#p55# ▓▓ ▓▓▓
▓▓▓▓▓▓▓▓▓▓


You could see a soul eater (summoned), a wizard, a kobold demonologist, a
ynoxinul (summoned) and 3 ufetubi.

Vanquished Creatures
  A water elemental (D)
  A human (D)
  A wolf (D)
  2 endoplasms (D)
  2 rats (D)
7 creatures vanquished.

Notes
Turn   | Place    | Note
-------+----------+-------------------------------------------
     0 | D        | boopmooplesden the Minotaur Fighter began the quest for the
                  | Orb.
     0 | D        | Reached XP level 1. HP: 19/19 MP: 0/0
    41 | D        | Noticed a wolf
    45 | D        | Killed a wolf
    46 | D        | Reached XP level 2. HP: 18/28 MP: 1/1
    60 | D        | Reached skill level 5 in Fighting
    60 | D        | Reached skill level 5 in Armour
    60 | D        | Reached skill level 5 in Shields
    60 | D        | Reached XP level 3. HP: 30/36 MP: 2/2
    77 | D        | Gained mutation: You are somewhat resistant to further
                  | mutation. [potion of mutation]
   144 | D        | Noticed a water elemental
   145 | D        | Killed a water elemental
   146 | D        | Reached skill level 5 in Long Blades
   146 | D        | Reached skill level 1 in Dodging
   146 | D        | Reached XP level 4. HP: 45/45 MP: 3/3
   293 | D        | Found a radiant altar of Vehumet.
   293 | D        | Noticed a wizard
   294 | D        | Found a shimmering blue altar of Sif Muna.
   294 | D        | Found an ancient bone altar of Kikubaaqudgha.
   295 | D        | Noticed a ynoxinul
   296 | D        | Noticed a soul eater
   300 | D        | Killed from afar by a ynoxinul

Illustrated notes

Levels and vault maps discovered:
D:        dungeon_sprint_mu [sprint_mu_entry_cave, sprint_mu_temple_rooms,
          sprint_mu_d1_spiders, sprint_mu_d2_genie, sprint_mu_d3_branching,
          sprint_mu_orc_legion, sprint_mu_elf_gauntlet, sprint_mu_hive_nellie,
          sprint_mu_lair_fedhas, sprint_mu_vaults_butterflies,
          sprint_mu_slime_circle, sprint_mu_swamp_cave, sprint_mu_snake_twists,
          sprint_mu_blade_basic, sprint_mu_crypt_fortress,
          sprint_mu_tomb_spiral, sprint_mu_vestibule_basic,
          sprint_mu_gehenna_hellfire, sprint_mu_dis_giant,
          sprint_mu_tartarus_statrot, sprint_mu_cocytus_islands, sprint_mu_zot1]

Skill      XL: |  1  2  3 |
---------------+----------+-----
Fighting       | 4 5 6 |  6.5
Armour         | 4 5 6 |  6.6
Shields        | 4 5 6 |  6.0
Long Blades    | 3 5 |  5.1
Dodging        | 1 |  1.1

Action                     |  1- 3 |  4- 6 || total
---------------------------+-------+-------++-------
  Melee: Long sword        |    24 |     6 ||    30
         Headbutt          |     5 |       ||     5
    Use: Potion            |     3 |     1 ||     4
 Armour: Scale mail        |     4 |     3 ||     7
  Dodge: Dodged            |    12 |     6 ||    18
  Block: Buckler           |     5 |     4 ||     9

Table legend: (Time is in decaauts)
 A = Elapsed time spent in this place.
 B = Non-inter-level travel time spent in this place.
 C = Inter-level travel time spent in this place.
 D = Time resting spent in this place.
 E = Time spent auto-exploring this place.
 F = Levels seen in this place.
 G = Mean time per level.
                   A        B        C        D        E       F      G
               +--------+--------+--------+--------+--------+-----+--------+
         Total |    318 |    318 |      0 |    204 |      0 |   1 |  318.0 |
       Dungeon |    318 |    318 |      0 |    204 |      0 |   1 |  318.0 |
               +--------+--------+--------+--------+--------+-----+--------+

Top non-repeatable levels by time:
       D: 318 daAuts
